 Dungeon Crawl Stone Soup version 0.31-a0-263-ge8cad7f256 (webtiles) character file.

Game seed: 9492636661340972430

128 qw the Shooter (level 5, -3/30 HPs)
             Began as a Gargoyle Hexslinger on July 13, 2023.
             Slain by a gnoll
             ... wielding a +0 club
              (4 damage)
             ... on level 3 of the Dungeon.
             The game lasted 00:00:52 (1964 turns).

qw the Shooter (Gargoyle Hexslinger)                Turns: 1964, Time: 00:00:52

Health: -3/30      AC:  6    Str: 11    XL:     5   Next: 11%
Magic:  6/6        EV: 12    Int: 14    God:
Gold:   1211       SH:  0    Dex: 14    Spells: 5/6 levels left

rFire   . . .        Y - +2 sling
rCold   . . .        (no shield)
rNeg    + . .        c - +0 robe
rPois   inf          (no helmet)
rElec   +            (no cloak)
rCorr   .            (no gloves)
SInv    .            (no boots)
Will    .....        (no amulet)
Stlth   +            (no ring)
HPRegen 0.25/turn    (no ring)
MPRegen 0.10/turn

%: no passive effects
@: about to teleport
A: sickness immunity, AC +4, negative energy resistance 1, electricity
resistance, torment resistance 1, petrification resistance
a: no special abilities


You were on level 3 of the Dungeon.
You visited 1 branch of the dungeon, and saw 3 of its levels.

You collected 1211 gold pieces.


Innate Abilities, Weirdness & Mutations

You are immune to sickness and miasma.
Your stone body is resilient. (AC +4)
You are immune to poison.
You resist negative energy. (rN+)
You are resistant to electric shocks. (rElec)
You are resistant to unholy torment.
You are immune to petrification.


   Skills:
 - Level 2.0 Fighting
 + Level 4.9 Ranged Weapons
 - Level 1.5 Dodging
 - Level 1.0 Spellcasting
 - Level 2.6 Hexes


You had 5 spell levels left.
You knew the following spells:

 Your Spells              Type           Power      Damage    Failure   Level
a - Slow                  Hex            32%        N/A       9%          1

Your spell library contained the following spells:

 Spells                   Type           Power      Damage    Failure   Level
 Inner Flame              Hex/Fire       4%         N/A       41%         3
 Portal Projectile        Hex/Tloc       8%         N/A       41%         3
 Cause Fear               Hex            4%         N/A       65%         4

Inventory:

Hand Weapons
 Y - a +2 sling (weapon)
Armour
 c - a +0 robe (worn)
 d - a +0 leather armour
 f - a +0 ring mail
Scrolls
 b - a scroll of identify
 e - 2 scrolls of teleportation
Potions
 a - a potion of curing
 l - a potion of brilliance {unknown}

Dungeon Overview and Level Annotations

Branches:
Dungeon (3/15)

Altars:
Hepliaklqana


Message History

Enter note:
Enter note:
Enter note:
Enter note:
Enter note: You shoot a sling bullet.
The sling bullet hits the gnoll.
The gnoll is moderately wounded.
You hear a shout!
The gnoll closely misses you.
You shoot a sling bullet. The sling bullet hits the gnoll.
The gnoll is heavily wounded.
The gnoll hits you but does no damage.
You shoot a sling bullet. The sling bullet hits the gnoll.
The gnoll is almost dead.
The gnoll closely misses you. The gnoll misses you.
You shoot a sling bullet. The sling bullet hits the gnoll.
You kill the gnoll!
You shoot a sling bullet.
The sling bullet barely misses the gnoll.
The gnoll misses you.
You shoot a sling bullet. The sling bullet hits the gnoll.
The gnoll is lightly wounded.
The gnoll hits you with a +0 halberd!
Ouch! That really hurt!
You shoot a sling bullet. The sling bullet hits the gnoll.
The gnoll is heavily wounded.
You shoot a sling bullet.
The sling bullet closely misses the gnoll.
The gnoll hits you with a +0 halberd!
1962 ||| READING 3 scrolls of teleportation.
As you read the scroll of teleportation, it crumbles to dust.
You feel strangely unstable. The gnoll hits you with a +0 club.
The gnoll closely misses you.
You shoot a sling bullet.
The sling bullet barely misses the gnoll.
The gnoll hits you but does no damage. The gnoll barely misses you.
You shoot a sling bullet. The sling bullet hits the gnoll!
You kill the gnoll!
The gnoll barely misses you. The gnoll hits you with a +0 club.
You die...

##....# #.#
#............
#...>#
#.#####
#............
+....#
###.#...#
######....###
#..#..
#.....#.#
####.%..
##.##)
#.#..##.#
####.
.....###.#
######.
##...##.#.#
#......
##.##g8g)#
#.#####
#+#gg.#@#
+... #.# ....
.## .8. .. #.
..# # ..# ..#
...


You could see 2 gnolls.

Vanquished Creatures
  A hound (D:3)
  2 gnolls (D:3)
  2 adders
  A worm (D:3)
  A dart slug (D:1)
  4 bats
  5 endoplasms
  4 giant cockroaches
  7 goblins
  5 hobgoblins
  5 kobolds
  4 quokkas
  10 ball pythons
  2 frilled lizards (D:3)
  8 rats
61 creatures vanquished.

Notes
Turn   | Place    | Note
-------+----------+-------------------------------------------
     0 | D:1      | qw the Gargoyle Hexslinger began the quest for the Orb.
     0 | D:1      | Reached XP level 1. HP: 12/12 MP: 2/2
     0 | D:1      | 0 ||| qw: Version: 0.3-a-52-g30416fa
     0 | D:1      | 0 ||| qw: Game counter: 7176
     0 | D:1      | 0 ||| qw: Melee chars always use a shield: true
     0 | D:1      | 0 ||| qw: God list: Okawaru
     0 | D:1      | 0 ||| qw: Allow faded altars: false
     0 | D:1      | 0 ||| qw: Do Orc after clearing Dungeon:15 true
     0 | D:1      | 0 ||| qw: Do second Lair branch before Depths: true
     0 | D:1      | 0 ||| qw: Lair rune preference: random
     0 | D:1      | 0 ||| qw: Goals: Normal
     0 | D:1      | 0 ||| PLANNING D:1-11
    60 | D:1      | Reached XP level 2. HP: 16/16 MP: 3/3
   139 | D:1      | Reached skill level 3 in Ranged Weapons
   469 | D:1      | Reached XP level 3. HP: 21/21 MP: 4/4
   682 | D:1      | 682 ||| READING scroll labelled KARRIHEEXUQ.
   683 | D:1      | 683 ||| READING 4 scrolls labelled CEFA ZIMUSMA.
   687 | D:1      | 687 ||| READING scroll labelled XUENYA ATYRPH.
   688 | D:1      | 688 ||| READING scroll labelled XUGHOUGIASS.
   689 | D:1      | 689 ||| READING scroll labelled LAIFEY APNUME.
   690 | D:1      | 690 ||| READING scroll labelled SAKHLA HEHI.
   690 | D:1      | Identified a scroll of acquirement
   690 | D:1      | 690 ||| ACQUIRING 1061 gold pieces
   690 | D:1      | Acquired 1061 gold pieces
   692 | D:1      | 692 ||| READING scroll labelled RIAKED NAARRI.
   693 | D:1      | 693 ||| DROPPING scroll of poison.
   746 | D:2      | Found a faded altar of an unknown god.
  1430 | D:2      | 1430 ||| DRINKING 2 purple potions.
  1431 | D:2      | 1431 ||| READING 2 scrolls of identify.
  1431 | D:2      | 1431 ||| IDENTIFYING cyan potion
  1432 | D:2      | 1432 ||| DROPPING potion of invisibility.
  1480 | D:3      | Reached XP level 4. HP: 26/26 MP: 5/5
  1520 | D:3      | Reached skill level 4 in Ranged Weapons
  1586 | D:3      | HP: 6/26 [hound (1)]
  1587 | D:3      | 1587 ||| READING 3 scrolls of teleportation.
  1760 | D:3      | Found a hazy altar of Hepliaklqana.
  1947 | D:3      | Reached XP level 5. HP: 30/30 MP: 6/6
  1953 | D:3      | 1953 ||| Stepping ~*~*~tactically~*~*~ (outnumbered).
  1961 | D:3      | HP: 4/30 [gnoll/+0 halberd (11)]
  1962 | D:3      | 1962 ||| READING 3 scrolls of teleportation.
  1962 | D:3      | HP: 1/30 [gnoll/+0 club (4)]
  1964 | D:3      | Slain by a gnoll

Levels and vault maps discovered:
D:1:      roderic_chinese_lattice_arrival, layout_loops_ring
D:2:      layout_loops_ring, nicolae_ecumenical_lake_church, minmay_surrounded
D:3:      minmay_wonky_spiral, layout_basic, mainiacjoe_overflow_catwalk,
          grunt_decor_arrowhead, grunt_ministairs_1, kennysheep_orc_chapel

Skill      XL: |  1  2  3  4 |
---------------+-------------+-----
Ranged Weapons | 3 4 |  4.9
Fighting       | 2 |  2.0
Dodging        | |  1.5
Spellcasting   | |  1.0
Hexes          | |  2.6

Action                     |  1- 3 |  4- 6 || total
---------------------------+-------+-------++-------
   Fire: Sling             |   133 |    86 ||   219
    Use: Scroll            |     8 |     2 ||    10
         Potion            |     1 |       ||     1
 Armour: Robe              |    27 |    16 ||    43
  Dodge: Dodged            |    41 |    51 ||    92

Table legend:
 A = Non-vault XP
 B = Vault XP
 C = Vault XP percentage of total XP
 D = Non-vault monster count
 E = Vault monster count
 F = Vault count percentage of total count
                 A         B        C        D         E       F
            +---------+---------+-------+---------+---------+-------
      Total |     187 |      10 |   5.1 |      55 |       6 |   9.8
            +---------+---------+-------+---------+---------+-------
        D:1 |      37 |       0 |   0.0 |      21 |       0 |   0.0
        D:2 |      35 |       8 |  18.6 |      16 |       4 |  20.0
        D:3 |     115 |       2 |   1.7 |      18 |       2 |  10.0
            +---------+---------+-------+---------+---------+-------
